 Dungeon Crawl Stone Soup version 0.23.2 (webtiles) character file.

Game seed: 5644305163377414755

2240 Norn the Transmogrifier (level 9, -2/78 HPs)
             Began as a Yellow Draconian Transmuter on Apr 6, 2019.
             Was a Follower of Makhleb.
             Slain by a bullfrog zombie (3 damage)
             ... on level 7 of the Dungeon.
             The game lasted 00:21:22 (6612 turns).

Norn the Transmogrifier (DrTm)                      Turns: 6612, Time: 00:21:22

Health: -2/78      AC: 10    Str: 12      XL:     9   Next: 14%
Magic:  10/12      EV: 12    Int: 16      God:    Makhleb [*.....]
Gold:   356        SH:  4    Dex: 11 (13) Spells: 6/12 levels left

rFire    . . .     SeeInvis .     - Unarmed
rCold    + . .     Gourm    .   (no shield)
rNeg     . . .     Faith    .   (armour unavailable)
rPois    .         Spirit   .   (helmet restricted)
rElec    .         Reflect  +   m - +0 cloak
rCorr    +         Harm     .   (no gloves)
MR       .....                  v - +1 pair of boots
Stlth    +.........             c - +4 amulet of reflection
HPRegen  0.23/turn              o - ring of protection from cold
MPRegen  0.13/turn              (no ring)

@: short of breath, marked
A: spit acid, unfitting armour, cold-blooded, acid resistance, AC +7
a: Breathe Acid, Renounce Religion


You were on level 7 of the Dungeon.
You worshipped Makhleb.
Makhleb was aware of your devotion.
You were very hungry.

You visited 2 branches of the dungeon, and saw 8 of its levels.
You also visited: Ossuary.

You collected 414 gold pieces.
You spent 58 gold pieces at shops.

Inventory:

Missiles
 a - 130 arrows
 i - 135 stones (quivered)
 F - 7 poisoned needles
 J - a throwing net {!f}
Armour
 m - a +0 cloak (worn)
   (You bought it in a shop on level 5 of the Dungeon)
 v - a +1 pair of boots (worn)
   (You found it on level 2 of the Dungeon)
Magical Staves
 B - an uncursed staff of cold {unknown}
   (You found it on level 4 of the Dungeon)
Jewellery
 c - a +4 amulet of reflection (around neck)
   (You found it on level 1 of the Dungeon)
 o - a ring of protection from cold (left hand)
   (You found it on level 6 of the Dungeon)
 E - an uncursed amulet of faith {unknown}
   (You found it on level 4 of the Dungeon)
Wands
 t - a wand of flame (2)
   (You took it off a goblin on level 2 of the Dungeon)
 y - a wand of clouds (4)
   (You found it on level 3 of the Dungeon)
Scrolls
 b - 4 scrolls of amnesia {unknown}
 g - 2 scrolls of immolation {unknown}
 h - 4 scrolls of teleportation {@r4}
 j - 3 scrolls of remove curse {@r2}
 q - 3 scrolls of magic mapping
 s - 2 scrolls of enchant weapon
 x - a scroll of blinking {unknown}
 z - 2 scrolls of fear {unknown}
 C - 2 scrolls of enchant armour
 G - 2 scrolls of identify {@r1}
 I - a scroll of random uselessness {unknown}
Potions
 d - a potion of mutation {unknown}
 f - 3 potions of haste {@q3}
 k - 5 potions of might
 l - 5 potions of heal wounds {@q2}
 n - 2 potions of magic
 p - a potion of invisibility {unknown}
 r - 2 potions of brilliance {unknown}
 u - 5 potions of curing {@q1}
 w - 4 potions of cancellation
 D - a potion of degeneration {unknown}
 H - 2 potions of flight {unknown}
Comestibles
 e - 9 rations {!d}
 A - 4 chunks of flesh


   Skills:
 + Level 6.4 Fighting
 - Level 1.7 Dodging
 - Level 6.0 Unarmed Combat
 - Level 2.0 Spellcasting
 * Level 9.5 Transmutations


You had 6 spell levels left.
You knew the following spells:

 Your Spells              Type           Power        Failure   Level  Hunger
a - Beastly Appendage     Tmut           ####..       1%          1    #......
s - Sticks to Snakes      Tmut           ####....     1%          2    ###....
x - Spider Form           Tmut/Pois      ###.......   9%          3    ###....

Your spell library contained the following spells:

 Spells                   Type           Power        Failure   Level  Hunger
 Blade Hands              Tmut           ####......   12%         5    ######.
 Ice Form                 Ice/Tmut       ###.....     28%         4    #####..


Dungeon Overview and Level Annotations

Branches:
Dungeon (7/15)             Temple (1/1) D:4

Altars:
Ashenzari
Cheibriados
Dithmenos
Elyvilon
Fedhas
Gozag
Hepliaklqana
Kikubaaqudgha
Makhleb
Nemelex Xobeh
Ru
Trog
Uskayaw
Xom
Zin
The Shining One

Shops:
D:5 [

Annotations:
D:7 Harold


Innate Abilities, Weirdness & Mutations

You can spit globs of acid.
Your golden yellow scales are hard. (AC +7)
You cannot fit into any form of body armour.
You are cold-blooded and may be slowed by cold attacks.
You are resistant to acid. (rCorr)


Message History

There is an open door here.
J - a throwing net {!f} Harold completely misses you.
Your transformation is almost over.
Harold says, "Do you have any idea what people are willing to pay to have you killed, Norn?"
Harold is no longer covered in acid.
Harold casts a spell at you. The harpoon shot hits you.
* * * LOW HITPOINT WARNING * * *
You are yanked forward by the harpoon shot.
Harold completely misses you.
Your transformation has ended.
Your +0 cloak unmelds from your body.
Your +1 pair of boots unmelds from your body.
Okay, then.
Aim: Harold, wielding a +0 scimitar and wearing a +2 chain mail of poison resistance (severely wounded, poisoned)
Okay, then.
Aim: Harold, wielding a +0 scimitar and wearing a +2 chain mail of poison resistance (severely wounded, poisoned)
The puff of flame hits Harold.
Harold looks more healthy.
Harold gestures at you while chanting. A sentinel's mark forms upon you.
You have got your breath back.
Harold gestures at you while chanting. The mark upon you grows brighter.
You see here a club.
Aim: Harold, wielding a +0 scimitar and wearing a +2 chain mail of poison resistance (severely wounded)
You spit a glob of acid.
The glob of acid hits Harold but does no damage.
Harold is splashed with acid!
The acid corrodes Harold!
You are feeling very hungry.
Harold casts a spell at you. The harpoon shot hits you!
* * * LOW HITPOINT WARNING * * *
You are yanked forward by the harpoon shot.
Harold gestures at you while chanting. The mark upon you grows brighter.
You create a snake!
You now have 130 arrows.
You swap places.
Your adder bites Harold.
Harold hits your adder with a +0 scimitar!
Harold is no longer covered in acid.
A bullfrog zombie comes into view.
Your adder bites Harold but does no damage.
Harold points at you and mumbles some strange words.
The harpoon shot misses your adder. The harpoon shot hits you!
* * * LOW HITPOINT WARNING * * *
You are yanked forward by the harpoon shot.
You collide with your adder!
Your adder dies!
The bullfrog zombie hits you.
You die...

........>'.....#)#
#..##.####.#
#........#.....#.# #..##.#
#รท# #.###.#).#.....#.#
#..##.####.#
...#..#.....#.###..##.#....#
###.#..#.....#...#.....#.####
# #..#.....#.#.#.###...#
#..#...).#.#.#...#.###
#......#.#.#.#.#.#.#
#.####.#.#@#.###.#.#
#.#....#.Z.#.#...#.#
#.#...)#.#.#.#.#.#.#
#.####...#@#.#.#.#.# #.
###.#.# #.###.# #. #...#
#...#.# ##### ###.#.# #.#.#
#########.#.#


You could see Harold and a bullfrog zombie.

Vanquished Creatures
  Prince Ribbit (D:5)
  Sigmund (D:6)
  Duvessa (D:6)
  A centaur (D:5)
  6 ogres
  An elf zombie (Ossuary)
  3 bullfrogs
  2 jellies
  Dowan (D:6)
  3 scorpions
  A howler monkey (D:4)
  A hound (D:4)
  A quasit (D:6)
  A bullfrog zombie (D:5)
  An orc priest (D:4)
  5 orc wizards
  3 worker ants
  A big kobold zombie (Ossuary)
  A hound zombie (D:4)
  A hound skeleton (D:6)
  2 mummies (Ossuary)
  4 adders
  3 gnolls (D:7)
  A shadow imp (D:6)
  2 oozes
  2 adder zombies (Ossuary)
  2 worms
  5 dart slugs
  6 leopard geckos
  14 orcs
  A ball python (D:4)
  8 giant cockroaches
  7 goblins
  2 hobgoblins
  11 jackals
  4 quokkas
  11 bats
  5 frilled lizards
  3 goblin zombies (Ossuary)
  11 hobgoblin zombies (Ossuary)
  2 jackal zombies (Ossuary)
  7 kobolds
  10 kobold zombies (Ossuary)
  2 leopard gecko skeletons
  5 orc zombies (Ossuary)
  A quokka skeleton (D:4)
  4 rats
  2 rat zombies (Ossuary)
173 creatures vanquished.

Vanquished Creatures (others)
  A human (D:6)
1 creature vanquished.

Grand Total: 174 creatures vanquished

Notes
Turn   | Place    | Note
-------+----------+-------------------------------------------
     0 | D:1      | Norn the Draconian Transmuter began the quest for the Orb.
     0 | D:1      | Reached XP level 1. HP: 16/16 MP: 3/3
   362 | D:1      | Reached XP level 2. HP: 23/23 MP: 3/5
   366 | D:1      | Learned a level 2 spell: Sticks to Snakes
  1373 | D:2      | Reached XP level 3. HP: 28/28 MP: 4/6
  1486 | D:2      | Noticed an ogre
  1738 | D:2      | You fall through a shaft!
  1956 | D:2      | Killed an ogre
  1956 | D:2      | Reached skill level 5 in Unarmed Combat
  1956 | D:2      | Reached XP level 4. HP: 34/35 MP: 7/7
  1956 | D:2      | Reached XP level 5. HP: 39/40 MP: 8/8
  2264 | D:3      | Learned a level 3 spell: Spider Form
  2501 | D:3      | Found a faded altar of an unknown god.
  2752 | D:3      | Reached skill level 3 in Transmutations
  2861 | D:4      | Noticed an ogre
  2902 | D:3      | Killed an ogre
  2902 | D:3      | Reached skill level 4 in Transmutations
  2902 | D:3      | Reached XP level 6. HP: 41/47 MP: 9/9
  2950 | D:4      | Found a sand-covered staircase.
  2955 | Ossuary  | Entered an ossuary
  3192 | Ossuary  | Reached skill level 5 in Transmutations
  3598 | D:4      | Your scales start taking on a golden yellow colour.
  3598 | D:4      | Reached XP level 7. HP: 52/53 MP: 8/10
  3598 | D:4      | Gained mutation: You are resistant to acid. (rCorr) [Yellow
                  | Draconian growth]
  3756 | D:4      | Found a staircase to the Ecumenical Temple.
  3783 | Temple   | Entered the Ecumenical Temple
  3967 | Temple   | Became a worshipper of Makhleb the Destroyer
  4264 | D:4      | Reached skill level 6 in Transmutations
  4516 | D:5      | Entered Level 5 of the Dungeon
  4736 | D:5      | Found a sparkling altar of Nemelex Xobeh.
  4850 | D:5      | Reached skill level 7 in Transmutations
  4850 | D:5      | Reached XP level 8. HP: 49/66 MP: 4/11
  4929 | D:5      | Noticed Prince Ribbit
  4938 | D:5      | Killed Prince Ribbit
  4938 | D:5      | Reached * piety under Makhleb
  5202 | D:5      | Found Ytsiat's Armour Boutique.
  5215 | D:5      | Bought a +0 cloak for 58 gold pieces
  5434 | D:6      | Noticed Sigmund
  5450 | D:6      | Killed Sigmund
  5450 | D:6      | Reached skill level 5 in Fighting
  5450 | D:6      | Reached skill level 8 in Transmutations
  5522 | D:6      | Noticed Duvessa
  5522 | D:6      | Noticed Dowan
  5536 | D:6      | Killed Duvessa
  5558 | D:6      | Killed Dowan
  5584 | D:6      | Found an ancient bone altar of Kikubaaqudgha.
  5629 | D:6      | Reached skill level 9 in Transmutations
  5783 | D:6      | Reached XP level 9. HP: 75/75 MP: 8/12
  6554 | D:7      | Noticed Harold
  6611 | D:7      | HP: 1/78 [Harold/harpoon shot (10)]
  6612 | D:7      | Slain by a bullfrog zombie

Skill      XL: |  1  2  3  4  5  6  7  8 |
---------------+-------------------------+-----
Unarmed Combat | 4 5 6 |  6.0
Transmutations | 4 5 7 9 |  9.5
Fighting       | 4 6 |  6.4
Dodging        | |  1.7
Spellcasting   | |  2.0

Action                   |  1- 3 |  4- 6 |  7- 9 || total
-------------------------+-------+-------+-------++-------
Melee: Unarmed           |   134 |   219 |   209 ||   562
       Tailslap          |    12 |    20 |    10 ||    42
       Kick              |     9 |     4 |       ||    13
       Punch             |     2 |     3 |     2 ||     7
       Headbutt          |     3 |     2 |     1 ||     6
Throw: Stone             |     1 |       |     1 ||     2
 Cast: Beastly Appendage |    22 |    11 |     1 ||    34
       Spider Form       |       |     3 |    25 ||    28
       Sticks to Snakes  |       |       |     1 ||     1
 Abil: Breathe Acid      |       |       |    15 ||    15
Evoke: Wand              |     4 |    15 |     5 ||    24
  Use: Scroll            |       |     7 |     7 ||    14
 Stab: Sleeping          |     1 |     1 |       ||     2
  Eat: Chunk             |     4 |     4 |    14 ||    22
       Ration            |       |     1 |       ||     1
Armor: Skin              |    62 |    40 |    27 ||   129
Dodge: Dodged            |    82 |   128 |   163 ||   373
Block: Other             |       |       |    32 ||    32
